 Dungeon Crawl Stone Soup version 0.31-a0-1570-g93c622d222 (webtiles) character file.

Game seed: 4083312497679128423

1297 Hubris850 the Trooper (level 8, 0/78 HPs)
             Began as an Oni Gladiator on Jan 3, 2024.
             Was a Priest of Hepliaklqana.
             Engulfed by a steam dragon's steam (6 damage)
             ... on level 6 of the Dungeon.
             The game lasted 00:10:11 (4377 turns).

Hubris850 the Trooper (Oni Gladiator)               Turns: 4377, Time: 00:10:11

Health: 0/78       AC:  3    Str: 21    XL:     8   Next: 56%
Magic:  8/8        EV: 11    Int:  9    God:    Hepliaklqana [***...]
Gold:   185        SH:  0    Dex: 10    Spells: 5/7 levels left

rFire   . . .        u - +1 hand axe (vamp)
rCold   . . .        (no shield)
rNeg    . . .        b - +0 robe
rPois   +            c - +0 hat
rElec   .            (no cloak)
rCorr   .            (gloves unavailable)
SInv    .            (boots unavailable)
Will    .....        A - amulet of faith
Stlth   +            l - ring of poison resistance
HPRegen 0.33/turn    s - ring of wizardry
MPRegen 0.11/turn

%: faith, wizardry (x1)
@: no status effects
A: reduced essence, large, unfitting armour, horns 1, tough skin 1, double
potion healing, drunken brawling
a: Renounce Religion, Recall Ancestor, Ancestor Identity, Transference


You were on level 6 of the Dungeon.
You worshipped Hepliaklqana.
Hepliaklqana was most pleased with you.
You visited 1 branch of the dungeon, and saw 6 of its levels.

You collected 185 gold pieces.

Inventory:

Hand Weapons
 a - a +0 war axe
 u - a +1 vampiric hand axe (weapon)
Missiles
 d - 3 throwing nets
 e - a large rock
 m - 4 poisoned darts (quivered)
Armour
 b - a +0 robe (worn)
 c - a +0 hat (worn)
Jewellery
 i - a ring of ice
 l - a ring of poison resistance (left hand)
 s - a ring of wizardry (right hand)
 t - a +6 ring of intelligence
 y - a ring of wizardry
 A - an amulet of faith (around neck)
Talismans
 h - a dragon-blood talisman
 B - a beast talisman
Scrolls
 f - 7 scrolls of identify {unknown}
 g - 4 scrolls of silence {unknown}
 k - 2 scrolls of enchant armour {unknown}
 o - a scroll of enchant weapon {unknown}
 p - 2 scrolls of vulnerability {unknown}
 r - a scroll of poison {unknown}
 v - a scroll of amnesia {unknown}
 w - a scroll of revelation {unknown}
 x - a scroll of fog {unknown}
 z - a scroll of fear {unknown}
Potions
 j - 2 potions of haste {unknown}
 n - a potion of berserk rage {unknown}
 q - a potion of enlightenment {unknown}


   Skills:
 - Level 7.0 Fighting
 + Level 5.8 Axes
 + Level 5.4 Throwing
 - Level 5.2 Dodging
 + Level 0.4 Spellcasting
 + Level 0.2 Summonings


You had 5 spell levels left.
You knew the following spells:

 Your Spells              Type           Power      Damage    Failure   Level
a - Call Imp              Summ           0%         N/A       21%         2

Your spell library contained the following spells:

 Spells                   Type           Power      Damage    Failure   Level
 Magic Dart               Conj           0%         1d3       16%         1
 Shock                    Conj/Air       0%         1d3       16%         1
 Blink                    Tloc           0%         N/A       24%         2
 Swiftness                Air            0%         N/A       41%         3
 Airstrike                Air            0%         2d(0-16)  80%         4


Dungeon Overview and Level Annotations

Branches:
Dungeon (6/15)
 Temple: D:4-7

Altars:
Hepliaklqana
Makhleb
Nemelex Xobeh
Ru
Sif Muna
Trog
Yredelemnul
The Shining One


Innate Abilities, Weirdness & Mutations

Your life essence is reduced to manifest your ancestor. (-10% HP)
You are too large for most types of armour.
You have a pair of small horns on your head.
You have tough skin. (AC +1)
You gain doubled healing and magic from potions.
Whenever you drink a healing potion, you attack all around you.


Message History

Septimus barely misses the steam dragon.
The steam dragon bites Septimus!
Septimus is destroyed!
You slash the adder!
You kill the adder!
The steam dragon barely misses you.
The steam dragon claws you but does no damage.
You closely miss the steam dragon.
The steam dragon is lightly wounded.
The steam dragon breathes steam at you. The ball of steam hits you!
You closely miss the steam dragon.
The steam dragon is lightly wounded.
You are engulfed in a cloud of scalding steam.
The steam dragon barely misses you. x2
You are too injured to fight recklessly!
You are too injured to fight recklessly!
You are too injured to fight recklessly!
You are too injured to fight recklessly!
Unknown command.
You closely miss the steam dragon.
You headbutt the steam dragon, but do no damage.
The steam dragon is lightly wounded.
You are engulfed in a cloud of scalding steam.
The steam dragon bites you!
* * * LOW HITPOINT WARNING * * *
The steam dragon claws you.
* * * LOW HITPOINT WARNING * * *
You hit the steam dragon but do no damage.
The steam dragon is lightly wounded.
You are engulfed in a cloud of scalding steam.
* * * LOW HITPOINT WARNING * * *
The steam dragon bites you.
* * * LOW HITPOINT WARNING * * *
The steam dragon claws you.
* * * LOW HITPOINT WARNING * * *
You barely miss the steam dragon.
The steam dragon is lightly wounded.
You are engulfed in a cloud of scalding steam.
You die...

....~≈~P......
...#.~P~...#. ..
....P~♣~.... ...
....~~~P...##...
....P~~P.......#
......P~.......
^.....D.....#
.......@††..#
......?.<.###
...........#
............#
#.....<....##
#..........#
#.......[###
.....##### ....


You could see a steam dragon.

Vanquished Creatures
  A scorpion (D:4)
  3 killer bees (D:5)
  A howler monkey (D:5)
  A hound (D:6)
  An orc priest (D:5)
  2 sleepcaps (D:5)
  An orc wizard (D:5)
  3 adders
  A dart slug (D:4)
  2 ribbon worms (D:3)
  3 orcs
  An endoplasm (D:2)
  2 goblins
  8 hobgoblins
  4 jackals
  3 quokkas
  6 ball pythons
  5 bats
  4 kobolds
  4 rats
56 creatures vanquished.

Vanquished Creatures (collateral kills)
  The ghost of wally255 the Trooper, an amateur MiFi of Trog (D:4)
  A water moccasin (D:5)
  An ogre (D:5)
  A centaur (D:5)
  2 scorpions
  3 killer bees
  A hound (D:5)
  2 jellies (D:5)
  An orc wizard (D:5)
  4 adders (D:2)
  2 ribbon worms (D:3)
  5 orcs
  2 endoplasms
  A giant cockroach (D:4)
  4 goblins (D:2)
  3 hobgoblins (D:3)
  2 jackals (D:4)
  2 quokkas
  A bat (D:3)
39 creatures vanquished.

Vanquished Creatures (others)
  A battlemage (D:6)
1 creature vanquished.

Grand Total: 96 creatures vanquished

Notes
Turn   | Place    | Note
-------+----------+-------------------------------------------
     0 | D:1      | Hubris850 the Oni Gladiator began the quest for the Orb.
     0 | D:1      | Reached XP level 1. HP: 22/22 MP: 1/1
    77 | D:1      | HP: 1/22 [quokka (3)]
   284 | D:1      | Reached skill level 3 in Fighting
   284 | D:1      | Reached XP level 2. HP: 25/31 MP: 2/2
   308 | D:1      | Found a faded altar of an unknown god.
   313 | D:1      | Prayed at the altar of an unknown god.
   313 | D:1      | Became a worshipper of Hepliaklqana the Forgotten
   313 | D:1      | Reached * piety under Hepliaklqana
   933 | D:2      | Reached XP level 3. HP: 32/33 MP: 3/3
  1266 | D:2      | Reached ** piety under Hepliaklqana
  1267 | D:2      | Remembered your ancestor Septimus as a battlemage
  1314 | D:2      | Reached XP level 4. HP: 40/40 MP: 4/4
  1736 | D:3      | Found a burning altar of Makhleb.
  1877 | D:3      | Found a shimmering blue altar of Sif Muna.
  2040 | D:3      | Reached skill level 4 in Fighting
  2241 | D:4      | Found a runed translucent gate.
  2255 | D:4      | Noticed a scorpion
  2259 | D:4      | Found a sparkling altar of Nemelex Xobeh.
  2265 | D:4      | Killed a scorpion
  2266 | D:4      | Reached XP level 5. HP: 29/49 MP: 5/5
  2397 | D:4      | Found a sacrificial altar of Ru.
  2415 | D:4      | Found a bloodstained altar of Trog.
  2467 | D:4      | Reached XP level 6. HP: 28/56 MP: 6/6
  2691 | D:4      | Found a runed translucent gate.
  2691 | D:4      | Found a runed translucent gate.
  2691 | D:4      | Noticed wally255's ghost (amateur MiFi)
  2709 | D:4      | Killed wally255's ghost
  2710 | D:4      | Reached skill level 5 in Fighting
  2747 | D:4      | Reached *** piety under Hepliaklqana
  2764 | D:4      | Found a glowing golden altar of the Shining One.
  2786 | D:4      | Reached XP level 7. HP: 61/64 MP: 7/7
  3129 | D:5      | Entered Level 5 of the Dungeon
  3269 | D:5      | Reached skill level 6 in Fighting
  3269 | D:5      | Reached skill level 5 in Axes
  3301 | D:5      | Reached XP level 8. HP: 41/74 MP: 8/8
  3485 | D:5      | Reached skill level 5 in Throwing
  3485 | D:5      | Reached skill level 5 in Dodging
  3981 | D:5      | Reached skill level 7 in Fighting
  4145 | D:5      | Learned a level 2 spell: Call Imp
  4218 | D:5      | Found a basalt altar of Yredelemnul.
  4377 | D:6      | Engulfed by a steam dragon's steam

Illustrated notes

Levels and vault maps discovered:
D:1:      beargit_arrival_greenhouse, layout_basic,
          shapermc_ecumenical_altar_venn, minmay_3d_cube
D:2:      cheibrodos_helix_gallery, layout_basic, minmay_misc_feat_plants
D:3:      layout_rooms, nicolae_overflow_crystal_walls,
          overflow_temple_1_default, minmay_misc_feat_x
D:4:      layout_layer_cave, mainiacjoe_overflow_tiny_flanked,
          mainiacjoe_overflow_large_starburst,
          mainiacjoe_overflow_six_doors_small, gammafunk_ghost_split
D:5:      layout_loops_ring, nicolae_overflow_hidden_temple
D:6:      layout_cave_pools, serial_bayou, serial_bayou_lagoon_b,
          serial_bayou_ford_a, serial_bayou_shore_a, serial_bayou_lagoon_a

Skill      XL: |  1  2  3  4  5  6  7  8 |
---------------+-------------------------+-----
Fighting       | 3 4 5 6 7 |  7.0
Dodging        | 3 4 5 |  5.2
Throwing       | 3 4 5 |  5.4
Axes           | 4 5 |  5.8
Spellcasting   | |  0.4
Summonings     | |  0.2

Action                     |  1- 3 |  4- 6 |  7- 9 || total
---------------------------+-------+-------+-------++-------
  Melee: War axe           |    51 |    61 |     5 ||   117
         Headbutt          |     1 |     2 |    15 ||    18
         Punch             |     1 |       |       ||     1
         Hand axe          |       |       |    67 ||    67
  Throw: Dart              |       |       |     5 ||     5
 Invoke: Recall Ancestor   |     1 |       |       ||     1
         Ancestor Identity |     1 |       |       ||     1
         Ancestor Life: Ba |     1 |       |       ||     1
    Use: Potion            |       |     1 |       ||     1
   Stab: Sleeping          |     1 |       |       ||     1
         Distracted        |       |     2 |     1 ||     3
 Armour: Robe              |    41 |    47 |    69 ||   157
         Skin              |       |    15 |       ||    15
  Dodge: Dodged            |    27 |    32 |    48 ||   107

Table legend: (Time is in decaauts)
 A = Elapsed time spent in this place.
 B = Non-inter-level travel time spent in this place.
 C = Inter-level travel time spent in this place.
 D = Time resting spent in this place.
 E = Time spent auto-exploring this place.
 F = Levels seen in this place.
 G = Mean time per level.
                   A        B        C        D        E       F      G
               +--------+--------+--------+--------+--------+-----+--------+
         Total |   4413 |   4314 |     99 |    407 |   3312 |   6 |  735.5 |
       Dungeon |   4413 |   4314 |     99 |    407 |   3312 |   6 |  735.5 |
               +--------+--------+--------+--------+--------+-----+--------+

Top non-repeatable levels by time:
     D:5: 1232 daAuts
     D:4: 902 daAuts
     D:2: 877 daAuts
     D:1: 843 daAuts
     D:3: 542 daAuts
     D:6: 15 daAuts
